TOP OF THE 1ST |
Grand Rapids Dutch Ovens batting - Pitching for San Francisco Macho Men : RHP Allen Cronk
|
Pitching: RHP Allen Cronk
|
|
Batting: SHB Joe Emery
|
0-0: SINGLE (Line Drive, 9S)
|
Batting: RHB Jason Philip
|
0-0: Ball 1-0: 2-RUN HOME RUN (Flyball, 7D), Distance : 386 ft
|
Batting: SHB John May
|
0-0: DOUBLE (Flyball, 89D)
|
Batting: RHB Weldon Bell
|
0-0: Called Strike 0-1: Called Strike 0-2: Ball 1-2: Ball 2-2: Fly out, F9 (Flyball, 89M)
|
Batting: RHB Phil Poole
|
0-0: Ball 1-0: Called Strike 1-1: Called Strike 1-2: Foul Ball, location: 2F 1-2: Foul Ball, location: 2F 1-2: Foul Ball, location: 2F 1-2: Foul Ball, location: 2F 1-2: SINGLE (Line Drive, 89S) John May to third Runner from 3rd tries for Home, SAFE, throw made home Phil Poole to second
|
Batting: RHB António Aguilera
|
0-0: Called Strike 0-1: Ground out 6-3 (Groundball, 6) Phil Poole to third
|
Batting: SHB Karl Webster
|
0-0: Fly out, F9 (Line Drive, 9)
|
Top of the 1st over - 3 run(s), 4 hit(s), 0 error(s), 1 left on base; Grand Rapids 3 - San Francisco 0 |
BOTTOM OF THE 1ST |
San Francisco Macho Men batting - Pitching for Grand Rapids Dutch Ovens : RHP Orlando García
|
Pitching: RHP Orlando García
|
|
Batting: RHB Júlio Serra
|
0-0: Ball 1-0: Called Strike 1-1: SINGLE (Groundball, 34S) (infield hit)
|
Batting: RHB Nelson Burton
|
0-0: Ball 1-0: Swinging Strike 1-1: Fly out, F2 (Popup, 56S)
|
Batting: RHB Miguel Ramos
|
0-0: Ball 1-0: Ball 2-0: Foul Ball, location: 2F 2-1: Ball 3-1: SINGLE (Line Drive, 78M) Júlio Serra to second
|
Batting: LHB Ángel De Jesús
|
0-0: Fly out, F8 (Flyball, 8RD)
|
Batting: RHB Phil Rowlett
|
0-0: Ball 1-0: Ball 2-0: Fly out, F3 (Flyball, 3D)
|
Bottom of the 1st over - 0 run(s), 2 hit(s), 0 error(s), 2 left on base; Grand Rapids 3 - San Francisco 0 |
TOP OF THE 2ND |
Grand Rapids Dutch Ovens batting - Pitching for San Francisco Macho Men : RHP Allen Cronk
|
Batting: RHB Wosene Garane
|
0-0: Called Strike 0-1: Ball 1-1: Ball 2-1: Foul Ball, location: 2F 2-2: Foul Ball, location: 2F 2-2: Fly out, F9 (Flyball, 89M)
|
Batting: LHB Abel Wheeler
|
0-0: DOUBLE (Flyball, 9LD)
|
Batting: SHB Joe Emery
|
0-0: Ground out 6-3 (Groundball, 56)
|
Batting: RHB Jason Philip
|
0-0: Fly out, F8 (Flyball, 8LM)
|
Top of the 2nd over - 0 run(s), 1 hit(s), 0 error(s), 1 left on base; Grand Rapids 3 - San Francisco 0 |
BOTTOM OF THE 2ND |
San Francisco Macho Men batting - Pitching for Grand Rapids Dutch Ovens : RHP Orlando García
|
Batting: RHB Bob Jones
|
0-0: Called Strike 0-1: Ground out 1-3 (Groundball, 13)
|
Batting: RHB Awragh Hazem
|
0-0: Called Strike 0-1: Ball 1-1: Fly out, F9 (Flyball, 9S)
|
Batting: RHB Dave MacGruder
|
0-0: Ground out 5-3 (Groundball, 5S)
|
Bottom of the 2nd over - 0 run(s), 0 hit(s), 0 error(s), 0 left on base; Grand Rapids 3 - San Francisco 0 |
TOP OF THE 3RD |
Grand Rapids Dutch Ovens batting - Pitching for San Francisco Macho Men : RHP Allen Cronk
|
Batting: SHB John May
|
0-0: Ball 1-0: Ball 2-0: Ball 3-0: Called Strike 3-1: Foul Ball, location: 2F 3-2: Foul Ball, location: 2F 3-2: Ground out 4-3 (Groundball, 4)
|
Batting: RHB Weldon Bell
|
0-0: Ball 1-0: Called Strike 1-1: SINGLE (Groundball, 6MD)
|
Batting: RHB Phil Poole
|
0-0: Ball 1-0: Foul Ball, location: 2F 1-1: Foul Ball, location: 2F 1-2: Ball 2-2: Strikes out looking
|
Batting: RHB António Aguilera
|
0-0: SINGLE (Groundball, 6MD) Weldon Bell to second
|
Batting: SHB Karl Webster
|
0-0: Ball 1-0: Foul Ball, location: 2F 1-1: Fly out, F7 (Flyball, 7LS)
|
Top of the 3rd over - 0 run(s), 2 hit(s), 0 error(s), 2 left on base; Grand Rapids 3 - San Francisco 0 |
BOTTOM OF THE 3RD |
San Francisco Macho Men batting - Pitching for Grand Rapids Dutch Ovens : RHP Orlando García
|
Batting: RHB Lawrence Pérez
|
0-0: Called Strike 0-1: Ball 1-1: Ball 2-1: Foul Ball, location: 2F 2-2: Ground out 6-3 (Groundball, 6)
|
Batting: RHB Júlio Serra
|
0-0: Foul Ball, location: 2F 0-1: Ground out 5-3 (Groundball, 56S)
|
Batting: RHB Nelson Burton
|
0-0: Ball 1-0: Ball 2-0: Called Strike 2-1: Foul Ball, location: 2F 2-2: Ball 3-2: Fly out, F9 (Flyball, 9LM)
|
Bottom of the 3rd over - 0 run(s), 0 hit(s), 0 error(s), 0 left on base; Grand Rapids 3 - San Francisco 0 |
TOP OF THE 4TH |
Grand Rapids Dutch Ovens batting - Pitching for San Francisco Macho Men : RHP Allen Cronk
|
Batting: RHB Wosene Garane
|
0-0: Ball 1-0: Called Strike 1-1: Foul Ball, location: 2F 1-2: Foul Ball, location: 2F 1-2: Fly out, F4 (Popup, 4)
|
Batting: LHB Abel Wheeler
|
0-0: Ball 1-0: Foul Ball, location: 2F 1-1: Ball 2-1: Ball 3-1: Called Strike 3-2: Strikes out swinging
|
Batting: SHB Joe Emery
|
0-0: Called Strike 0-1: Ball 1-1: Ball 2-1: Foul Ball, location: 2F 2-2: Strikes out swinging
|
Top of the 4th over - 0 run(s), 0 hit(s), 0 error(s), 0 left on base; Grand Rapids 3 - San Francisco 0 |
BOTTOM OF THE 4TH |
San Francisco Macho Men batting - Pitching for Grand Rapids Dutch Ovens : RHP Orlando García
|
Batting: RHB Miguel Ramos
|
0-0: Called Strike 0-1: Called Strike 0-2: Ball 1-2: Strikes out swinging
|
Batting: LHB Ángel De Jesús
|
0-0: Ball 1-0: Ball 2-0: Ground out 5-3 (Groundball, 56)
|
Batting: RHB Phil Rowlett
|
0-0: Called Strike 0-1: Fly out, F8 (Line Drive, 8RM)
|
Bottom of the 4th over - 0 run(s), 0 hit(s), 0 error(s), 0 left on base; Grand Rapids 3 - San Francisco 0 |
TOP OF THE 5TH |
Grand Rapids Dutch Ovens batting - Pitching for San Francisco Macho Men : RHP Allen Cronk
|
Batting: RHB Jason Philip
|
0-0: Reached on error, E6 (Groundball, 6)
|
Batting: SHB John May
|
0-0: Ball 1-0: Swinging Strike 1-1: Ball 2-1: SINGLE (Groundball, 34D) Jason Philip to second Throwing error, E9 Jason Philip scores John May to second
|
Batting: RHB Weldon Bell
|
0-0: Ball 1-0: Ground out 5-3 (Groundball, 5)
|
Batting: RHB Phil Poole
|
0-0: Ball 1-0: Ground out 6-3 (Groundball, 6)
|
Batting: RHB António Aguilera
|
0-0: Ground out 6-3 (Groundball, 56)
|
Top of the 5th over - 1 run(s), 1 hit(s), 2 error(s), 1 left on base; Grand Rapids 4 - San Francisco 0 |
BOTTOM OF THE 5TH |
San Francisco Macho Men batting - Pitching for Grand Rapids Dutch Ovens : RHP Orlando García
|
Batting: RHB Bob Jones
|
0-0: Ball 1-0: Foul Ball, location: 2F 1-1: Swinging Strike 1-2: Strikes out looking
|
Batting: RHB Awragh Hazem
|
0-0: Ball 1-0: Called Strike 1-1: Ground out 5-3 (Groundball, 5)
|
Batting: RHB Dave MacGruder
|
0-0: Foul Ball, location: 2F 0-1: Ball 1-1: Swinging Strike 1-2: Ball 2-2: Foul Ball, location: 2F 2-2: Foul Ball, location: 2F 2-2: SINGLE (Groundball, 6MD)
|
Batting: RHB Lawrence Pérez
|
0-0: Ball 1-0: Swinging Strike 1-1: Called Strike 1-2: Strikes out swinging
|
Bottom of the 5th over - 0 run(s), 1 hit(s), 0 error(s), 1 left on base; Grand Rapids 4 - San Francisco 0 |
TOP OF THE 6TH |
Grand Rapids Dutch Ovens batting - Pitching for San Francisco Macho Men : RHP Allen Cronk
|
Batting: SHB Karl Webster
|
0-0: Ground out 4-3 (Groundball, 34)
|
Batting: RHB Wosene Garane
|
0-0: Fly out, F9 (Flyball, 9S)
|
Batting: LHB Abel Wheeler
|
0-0: Called Strike 0-1: Foul Ball, location: 2F 0-2: Ball 1-2: Foul Ball, location: 2F 1-2: DOUBLE (Flyball, 89XD)
|
Pitching: RHP Carlos Martínez
|
|
Batting: SHB Joe Emery
|
0-0: Called Strike 0-1: Ground out 4-3 (Groundball, 4)
|
Top of the 6th over - 0 run(s), 1 hit(s), 0 error(s), 1 left on base; Grand Rapids 4 - San Francisco 0 |
BOTTOM OF THE 6TH |
San Francisco Macho Men batting - Pitching for Grand Rapids Dutch Ovens : RHP Orlando García
|
Batting: RHB Júlio Serra
|
0-0: Called Strike 0-1: Ball 1-1: Ball 2-1: Called Strike 2-2: Ball 3-2: SINGLE (Line Drive, 6MD)
|
Batting: RHB Nelson Burton
|
0-0: Ball 1-0: Ball 2-0: Foul Ball, location: 2F 2-1: Called Strike 2-2: Ball 3-2: Base on Balls Júlio Serra to second
|
Batting: RHB Miguel Ramos
|
0-0: Grounds into double play, 6-4-3 (Groundball, 6) Júlio Serra to third
|
Batting: LHB Ángel De Jesús
|
0-0: Ground out U3 (Groundball, 3)
|
Bottom of the 6th over - 0 run(s), 1 hit(s), 0 error(s), 1 left on base; Grand Rapids 4 - San Francisco 0 |
TOP OF THE 7TH |
Grand Rapids Dutch Ovens batting - Pitching for San Francisco Macho Men : RHP Carlos Martínez
|
Batting: RHB Jason Philip
|
0-0: Fly out, F7 (Flyball, 7)
|
Batting: SHB John May
|
0-0: Ball 1-0: Ball 2-0: Called Strike 2-1: Foul Ball, location: 2F 2-2: Ball 3-2: Foul Ball, location: 2F 3-2: SINGLE (Groundball, 4MD)
|
Batting: RHB Weldon Bell
|
0-0: Ball 1-0: Ball 2-0: Called Strike 2-1: Ground out 6-3 (Groundball, 6MS) John May to second
|
Batting: RHB Phil Poole
|
0-0: Ball 1-0: Ground out 4-3 (Groundball, 4)
|
Top of the 7th over - 0 run(s), 1 hit(s), 0 error(s), 1 left on base; Grand Rapids 4 - San Francisco 0 |
BOTTOM OF THE 7TH |
San Francisco Macho Men batting - Pitching for Grand Rapids Dutch Ovens : RHP Orlando García
|
Batting: RHB Phil Rowlett
|
0-0: Ball 1-0: Called Strike 1-1: SINGLE (Groundball, 34D)
|
Batting: RHB Bob Jones
|
0-0: Called Strike 0-1: Called Strike 0-2: Strikes out swinging
|
Pitching: LHP Sancho Espinoza
|
|
Batting: RHB Awragh Hazem
|
0-0: Ball 1-0: SINGLE (Groundball, 34D) Phil Rowlett to second Runner from 2nd tries for 3rd, SAFE, no throw
|
Batting: RHB Dave MacGruder
|
0-0: Swinging Strike 0-1: Ball 1-1: Ball 2-1: Swinging Strike 2-2: Strikes out swinging
|
Batting: RHB Lawrence Pérez
|
0-0: Called Strike 0-1: Ball 1-1: SINGLE (Line Drive, 56D) Phil Rowlett scores Awragh Hazem to second
|
Batting: RHB Júlio Serra
|
0-0: Ball 1-0: Ground out 5-3 (Groundball, 56S)
|
Bottom of the 7th over - 1 run(s), 3 hit(s), 0 error(s), 2 left on base; Grand Rapids 4 - San Francisco 1 |
TOP OF THE 8TH |
Grand Rapids Dutch Ovens batting - Pitching for San Francisco Macho Men : RHP Carlos Martínez
|
Batting: RHB António Aguilera
|
0-0: Ball 1-0: Fly out, F6 (Popup, 4MS)
|
Batting: SHB Karl Webster
|
0-0: Ball 1-0: Ground out 4-3 (Groundball, 4M)
|
Batting: RHB Wosene Garane
|
0-0: Called Strike 0-1: Foul Ball, location: 2F 0-2: Ball 1-2: Ball 2-2: Ball 3-2: Ground out 6-3 (Groundball, 6)
|
Top of the 8th over - 0 run(s), 0 hit(s), 0 error(s), 0 left on base; Grand Rapids 4 - San Francisco 1 |
BOTTOM OF THE 8TH |
San Francisco Macho Men batting - Pitching for Grand Rapids Dutch Ovens : LHP Sancho Espinoza
|
Batting: RHB Nelson Burton
|
0-0: Ball 1-0: Swinging Strike 1-1: Ball 2-1: Called Strike 2-2: Foul Ball, location: 2F 2-2: Ball 3-2: Ground out 5-3 (Groundball, 5)
|
Batting: RHB Miguel Ramos
|
0-0: Called Strike 0-1: Swinging Strike 0-2: DOUBLE (Line Drive, 8LD)
|
Batting: LHB Ángel De Jesús
|
0-0: Called Strike 0-1: DOUBLE (Line Drive, 8LXD) Miguel Ramos scores
|
Batting: RHB Phil Rowlett
|
0-0: Ball 1-0: Ground out 6-3 (Groundball, 6)
|
Batting: RHB Bob Jones
|
0-0: Ball 1-0: Ball 2-0: Ball 3-0: Called Strike 3-1: Called Strike 3-2: Foul Ball, location: 2F 3-2: Base on Balls
|
Batting: RHB Awragh Hazem
|
0-0: Ball 1-0: Called Strike 1-1: Foul Ball, location: 2F 1-2: Strikes out swinging
|
Bottom of the 8th over - 1 run(s), 2 hit(s), 0 error(s), 2 left on base; Grand Rapids 4 - San Francisco 2 |
TOP OF THE 9TH |
Grand Rapids Dutch Ovens batting - Pitching for San Francisco Macho Men : RHP Carlos Martínez
|
Pitching: LHP Mike Barr
|
|
Batting: LHB Abel Wheeler
|
0-0: Ball 1-0: Called Strike 1-1: Called Strike 1-2: Ball 2-2: DOUBLE (Line Drive, 89M)
|
Batting: SHB Joe Emery
|
0-0: Intentional Walk
|
Pinch Hitting: RHB Alex Hampton
|
0-0: Ball 1-0: Ball 2-0: Foul Ball, location: 2F 2-1: Ball 3-1: Foul Ball, location: 2F 3-2: Strikes out swinging Abel Wheeler steals 3rd base Batter strikes out. Joe Emery to second
|
Batting: SHB John May
|
0-0: Intentional Walk
|
Pinch Hitting: RHB Bobby Hendricks
|
0-0: Ball Wild Pitch! Abel Wheeler scores Joe Emery to third John May to second 1-0: Called Strike 1-1: Called Strike 1-2: Ball 2-2: Foul Ball, location: 2F 2-2: Ball 3-2: Strikes out looking
|
Batting: RHB Phil Poole
|
0-0: Called Strike 0-1: Foul Ball, location: 2F 0-2: Ball 1-2: Strikes out swinging
|
Top of the 9th over - 1 run(s), 1 hit(s), 0 error(s), 2 left on base; Grand Rapids 5 - San Francisco 2 |
BOTTOM OF THE 9TH |
San Francisco Macho Men batting - Pitching for Grand Rapids Dutch Ovens : LHP Sancho Espinoza
|
Now at 1B: Bobby Hendricks
|
|
Now at 2B: James Gibbons
|
|
Batting: RHB Dave MacGruder
|
0-0: Ball 1-0: Ball 2-0: Called Strike 2-1: Foul Ball, location: 2F 2-2: Ball 3-2: Ground out 1-3 (Groundball, 13)
|
Pitching: RHP Jacob Edwards
|
|
Batting: RHB Lawrence Pérez
|
0-0: Ball 1-0: Foul Ball, location: 2F 1-1: Ball 2-1: Foul Ball, location: 2F 2-2: Ground out 5-3 (Groundball, 5)
|
Batting: RHB Júlio Serra
|
0-0: Foul Ball, location: 2F 0-1: Swinging Strike 0-2: Strikes out swinging
|
Bottom of the 9th over - 0 run(s), 0 hit(s), 0 error(s), 0 left on base; Grand Rapids 5 - San Francisco 2 |
|